Map: [ESL] Tropical Sacrifice

Players

Ukko - Winner!

  • Race: Zerg Zerg
  • Spawn Location: 1:00

Vindicta

  • Race: Terran Terran
  • Spawn Location: 7:00

Event: DreamHack SC2 Masters 2022 Atlanta (Online)

VOD

Have the link to the VOD?

Description

Time

  • Played on: Oct. 7, 2022, 4:05 p.m.
  • Length: 19:12

All games in this series

Show
View Real Time Build Order
Export as new Build Order

Ukko Zerg - Winner!

Build Orders: Hatch First 

Get SALT Encoding   

  12  0:00  Drone  
  13  0:13  Overlord  
  13  0:18  Drone  
  14  0:31  Drone x2  
  16  0:50  Hatchery  
  16  0:55  Drone  
  16  0:56  Drone  
  17  1:00  Drone  
  18  1:09  Extractor  
  17  1:16  Spawning Pool  
  16  1:18  Drone  
  16  1:22  Drone  
  18  1:28  Drone  
  19  1:39  Drone  
  20  1:49  Overlord  
  20  2:02  Queen x2  
  20  2:03  Zergling x4  
  26  2:12  Metabolic Boost  
  26  2:16  Drone x2  
  28  2:24  Drone x2  
  28  2:25  Extractor  
  30  2:43  Hatchery  
  29  2:45  Queen  
  29  2:51  Overlord  
  31  2:53  Drone  
  31  2:55  Drone  
  31  2:57  Drone  
  34  2:59  Drone  
  34  3:01  Drone  
  34  3:05  Overlord  
  36  3:14  Queen  
  36  3:15  Drone  
  39  3:21  Drone x2  
  39  3:22  Drone  
  39  3:26  Drone x3  
  45  3:29  Overlord  
  45  3:41  Queen  
  45  3:43  Overlord  
  47  3:49  Zergling x12  
  47  3:54  Queen  
  55  3:58  Queen  
  57  4:06  Drone x4  
  61  4:14  Drone x4  
  61  4:17  Overlord  
  64  4:25  Drone x4  
  64  4:28  Queen  
  70  4:33  Overlord  
  70  4:34  Queen  
  70  4:37  Overlord  
  72  4:48  Drone  
  72  4:49  Overlord x2  
  72  4:51  Lair  
  73  5:02  Drone x8  
  81  5:07  Extractor x3  
  81  5:08  Baneling Nest, Drone  
  81  5:09  Extractor  
  81  5:11  Drone x4  
  81  5:18  Zergling x2  
  82  5:22  Zergling x4  
  82  5:23  Drone x3  
  82  5:24  Hatchery  
  82  5:28  Spore Crawler  
  83  5:29  Spore Crawler  
  83  5:33  Queen  
  84  5:36  Drone x2, Overlord  
  84  5:38  Drone  
  87  5:47  Extractor  
  86  5:52  Drone x7  
  86  5:54  Spire  
  92  5:57  Overlord  
  92  6:02  Centrifugal Hooks  
  92  6:06  Drone x3  
  95  6:12  Zergling x2  
  96  6:19  Hatchery  
  96  6:21  Zergling x4  
  96  6:25  Baneling x7  
  97  6:26  Baneling  
  97  6:27  Queen  
  97  6:29  Zergling x6  
  106  6:32  Zergling x8  
  106  6:33  Zergling x4  
  108  6:40  Drone x2  
  108  6:41  Zergling x4  
  108  6:42  Evolution Chamber x2  
  108  6:45  Baneling x3  
  110  6:47  Overlord x2  
  110  6:51  Zergling x4  
  111  6:55  Drone x3  
  111  6:58  Overseer x2  
  114  7:07  Mutalisk x5  
  124  7:09  Mutalisk  
  124  7:13  Zerg Flyer Weapons Level 1  
  126  7:22  Drone x9  
  134  7:25  Zerg Ground Armor Level 1  
  124  7:44  Drone  
  124  7:45  Drone x14  
  136  7:52  Zergling x4  
  136  7:55  Queen x2  
  136  7:56  Queen  
  136  7:57  Baneling x4  
  144  8:02  Zergling x10  
  149  8:08  Overlord  
  149  8:09  Overlord x5  
  149  8:10  Zerg Melee Weapons Level 1  
  146  8:22  Mutalisk x3  
  146  8:23  Zergling x2  
  148  8:30  Mutalisk x6  
  148  8:31  Zergling x14  
  167  8:34  Extractor  
  167  8:35  Extractor  
  165  8:51  Overlord  
  165  8:55  Mutalisk x4  
  165  8:56  Zergling x12  
  179  9:10  Overseer x2  
  179  9:12  Zerg Flyer Armor Level 1  
  179  9:14  Hatchery  
  178  9:19  Mutalisk  
  178  9:20  Zergling x18  
  178  9:21  Overlord x3  
  178  9:22  Zergling x12  
  187  9:33  Zerg Ground Armor Level 2  
  187  9:43  Mutalisk x3  
  187  9:44  Zergling x12  
  199  9:52  Hatchery  
  198  10:01  Baneling x7  
  198  10:02  Baneling x6, Mutalisk  
  200  10:07  Zerg Melee Weapons Level 2  
  200  10:12  Extractor  
  199  10:15  Extractor  
  199  10:17  Hatchery  
  199  10:21  Infestation Pit  
  196  10:25  Zergling x6  
  192  10:59  Hive  
  192  11:02  Mutalisk x4  
  196  11:23  Pneumatized Carapace  
  196  11:24  Zerg Flyer Weapons Level 2  
  196  11:50  Baneling x7  
  192  12:03  Mutalisk x3  
  192  12:04  Zergling x2  
  197  12:10  Mutalisk x8  
  194  12:29  Mutalisk x6  
  180  12:30  Zergling x14  
  198  12:46  Mutalisk  
  198  12:49  Baneling x7  
  198  12:50  Zerg Ground Armor Level 3  
  198  12:51  Zerg Melee Weapons Level 3, Adrenal Glands  
  192  13:17  Zergling x16, Hatchery  
  192  13:18  Zergling x6  
  192  13:19  Hatchery  
  196  13:31  Zergling x20  
  197  13:48  Zergling x8  
  199  13:50  Zerg Flyer Armor Level 2  
  199  13:51  Ultralisk Cavern  
  194  13:56  Zergling x12  
  200  14:05  Overseer x4  
  188  14:40  Ultralisk x2  
  188  14:42  Zergling x6  
  188  14:43  Baneling  
  188  14:44  Baneling x15  
  199  14:58  Chitinous Plating  
  196  15:23  Zergling x18  
  188  15:35  Queen  
  188  15:36  Queen x4  
  183  15:46  Zergling x38  
  183  15:47  Zergling x2  
  165  15:51  Ultralisk x7  
  165  15:57  Zergling x32  
  199  16:06  Zerg Flyer Weapons Level 3  
  199  16:11  Baneling x12  
  199  16:12  Baneling x5  
  199  16:15  Hatchery  
  199  16:17  Anabolic Synthesis  
  198  16:18  Baneling x9  
  198  16:19  Baneling  
  198  16:20  Zergling x2  
  198  16:25  Hatchery  
  198  16:30  Zergling x16  
  198  16:38  Overlord x3  
  189  16:48  Zergling x40  
  192  16:56  Corruptor x3  
  198  17:02  Baneling x8  
  198  17:06  Baneling  
  198  17:07  Baneling x6  
  198  17:18  Overseer  
  198  17:35  Corruptor  
  199  17:41  Drone x13  
  199  17:43  Overseer  
  197  18:09  Baneling x12  
  197  18:15  Corruptor x2  
  199  18:24  Corruptor x2  
Show
View Real Time Build Order
Export as new Build Order

Vindicta Terran 

Build Orders: Reaper Expand 

Get SALT Encoding   

  12  0:00  SCV  
  13  0:12  SCV  
  14  0:18  Supply Depot  
  14  0:25  SCV  
  15  0:40  SCV  
  15  0:42  Barracks  
  16  0:45  Refinery  
  16  0:52  SCV  
  17  1:04  SCV  
  18  1:16  SCV  
  19  1:29  Reaper, Orbital Command  
  20  1:44  Command Center  
  20  1:56  SCV  
  20  1:57  Supply Depot  
  20  2:01  Marine  
  22  2:08  SCV  
  23  2:14  Factory  
  23  2:20  SCV  
  24  2:25  Barracks Reactor  
  24  2:31  Refinery  
  24  2:32  SCV  
  25  2:44  SCV  
  26  2:56  SCV  
  26  2:57  Orbital Command  
  27  3:08  SCV, Starport  
  27  3:12  Barracks Tech Lab  
  28  3:17  Hellion x2  
  32  3:23  SCV  
  32  3:24  SCV  
  32  3:25  Supply Depot  
  34  3:31  Stimpack  
  34  3:35  SCV  
  34  3:36  SCV  
  34  3:38  Hellion x2  
  40  3:47  SCV  
  41  3:48  SCV, Viking  
  41  3:53  Supply Depot  
  44  4:00  SCV x2  
  44  4:02  Hellion  
  48  4:07  Hellion  
  50  4:12  SCV  
  50  4:14  SCV  
  52  4:22  Command Center  
  52  4:24  SCV  
  53  4:26  SCV  
  54  4:33  Supply Depot  
  54  4:34  Starport Reactor  
  54  4:36  SCV  
  55  4:38  SCV  
  55  4:42  Factory Reactor  
  55  4:44  Barracks  
  56  4:46  Barracks  
  56  4:48  SCV  
  56  4:49  Marine  
  56  4:50  SCV  
  59  4:55  Engineering Bay x2  
  59  5:00  SCV  
  59  5:02  SCV  
  59  5:03  Refinery  
  59  5:05  Supply Depot  
  59  5:06  Refinery  
  61  5:07  Marine  
  61  5:12  SCV  
  61  5:13  Combat Shield  
  63  5:15  SCV  
  64  5:24  SCV  
  64  5:25  Marine  
  64  5:27  SCV  
  67  5:28  Factory Reactor  
  67  5:31  Terran Infantry Armor Level 1, Terran Infantry Weapons Level 1  
  67  5:33  Marine x2  
  67  5:35  Orbital Command  
  69  5:36  SCV  
  69  5:39  SCV, Marine x2  
  73  5:43  Marine  
  73  5:45  Medivac x2  
  73  5:48  SCV  
  79  5:51  SCV, Marine x2  
  82  5:57  Marine  
  82  6:00  SCV  
  82  6:01  Orbital Command  
  82  6:02  Marine  
  82  6:03  SCV  
  86  6:11  Marine  
  86  6:13  SCV  
  86  6:14  Widow Mine x2  
  86  6:15  SCV  
  93  6:19  Armory  
  93  6:21  Supply Depot  
  93  6:22  Marine x4  
  93  6:23  Supply Depot  
  93  6:25  SCV  
  98  6:27  SCV  
  98  6:29  Marine  
  100  6:33  SCV  
  101  6:43  SCV x2, Medivac x2, Marine x2  
  101  6:45  SCV, Widow Mine x2, Marine  
  115  6:50  Supply Depot  
  115  6:53  Marine x2  
  117  6:56  Barracks  
  117  6:58  Barracks  
  117  7:06  Factory  
  117  7:08  Supply Depot  
  117  7:09  Marine x3  
  117  7:10  SCV x2  
  117  7:14  Marine x2  
  117  7:15  Widow Mine x2  
  128  7:22  Refinery, SCV  
  129  7:26  Terran Infantry Weapons Level 2  
  129  7:27  Marine x3  
  129  7:28  Terran Infantry Armor Level 2  
  132  7:32  Marine x2  
  132  7:43  SCV x2  
  132  7:45  Barracks Reactor x2, Marine x2  
  132  7:47  Widow Mine  
  132  7:56  Marine x2  
  132  7:57  SCV  
  136  7:58  Widow Mine  
  136  7:59  Command Center  
  136  8:01  Medivac x2, Drilling Claws  
  141  8:08  Barracks Reactor  
  141  8:09  Marine  
  141  8:10  Missile Turret x2  
  140  8:13  Marine  
  140  8:14  Marine  
  140  8:19  Marine  
  140  8:23  Marine x2  
  140  8:26  Marine x2  
  127  8:27  Marine  
  127  8:29  SCV x2  
  127  8:31  SCV, Missile Turret, Widow Mine, Marine  
  127  8:32  Marine  
  127  8:34  Thor  
  141  8:49  Supply Depot  
  141  8:50  Supply Depot, Marine x5  
  141  8:51  SCV  
  141  8:52  SCV  
  141  8:53  Supply Depot  
  141  8:55  Supply Depot  
  148  9:03  Missile Turret  
  148  9:04  SCV  
  148  9:07  Missile Turret  
  149  9:10  Marine x2  
  149  9:11  SCV x2, Medivac x2, Marine x2  
  149  9:13  Sensor Tower  
  149  9:16  SCV  
  160  9:21  Marine  
  160  9:23  SCV  
  162  9:26  Marine  
  162  9:27  Marine  
  162  9:29  Hellion, Widow Mine, Marine x3  
  162  9:30  Missile Turret  
  157  9:35  Widow Mine  
  157  9:37  SCV  
  157  9:38  SCV x2  
  164  9:41  Planetary Fortress  
  164  9:43  Marine  
  164  9:44  Marine  
  164  9:46  Marine x2  
  164  9:49  Terran Vehicle And Ship Armor Level 1  
  164  9:50  Widow Mine, Marine  
  164  9:52  Widow Mine  
  172  9:55  Marine  
  175  10:02  Sensor Tower  
  175  10:03  Barracks  
  175  10:04  Barracks  
  175  10:05  Barracks  
  172  10:09  Terran Infantry Weapons Level 3  
  172  10:17  Supply Depot, Marine  
  174  10:21  Widow Mine  
  174  10:22  Marine  
  174  10:23  Marine  
  174  10:26  Marine x2  
  177  10:29  Terran Infantry Armor Level 3, Hellion x3  
  177  10:31  Marine  
  177  10:33  Missile Turret  
  174  10:36  Marine x5  
  174  10:37  Missile Turret  
  174  10:40  Marine  
  174  10:41  Marine  
  174  10:42  Thor, Supply Depot  
  187  10:44  Marine x2  
  187  10:48  Marine  
  190  10:50  Widow Mine  
  190  10:54  Marine x4  
  190  10:56  Marine  
  186  11:05  Barracks Tech Lab  
  186  11:07  Marine  
  186  11:08  Marine  
  186  11:09  Marine  
  186  11:10  Liberator  
  188  11:11  Barracks Tech Lab  
  188  11:14  Marine x2  
  188  11:15  Marine  
  190  11:22  Missile Turret  
  190  11:23  Barracks Tech Lab  
  186  11:28  Marine  
  186  11:29  Missile Turret, Widow Mine, Marine  
  186  11:31  Command Center, Barracks Tech Lab  
  186  11:34  Missile Turret x2  
  186  11:37  Marauder x2  
  186  11:38  Concussive Shells  
  190  11:42  Barracks Tech Lab  
  190  11:47  Sensor Tower  
  190  11:49  Marauder  
  190  11:52  Marine x2  
  190  11:53  Marine x2  
  194  11:55  Terran Vehicle Weapons Level 1  
  194  11:57  Marine x2  
  194  11:58  Marauder x2  
  199  12:01  Marine  
  200  12:18  Marine x2  
  194  12:23  Widow Mine  
  194  12:25  Marauder, Marine x2  
  196  12:32  Liberator  
  199  12:43  Marauder  
  198  12:46  Neosteel Armor  
  198  12:49  Ghost Academy  
  198  12:54  Marauder  
  200  12:58  Missile Turret  
  200  13:00  Refinery x2, Missile Turret  
  200  13:04  Missile Turret  
  200  13:05  Missile Turret, Marine  
  200  13:09  Missile Turret  
  200  13:10  Missile Turret, Marine  
  200  13:11  Marine  
  200  13:12  Marine x2  
  196  13:26  Thor  
  196  13:27  Marauder, Marine  
  196  13:31  Marauder, Marine x2  
  197  13:35  Refinery, Marine  
  197  13:37  Refinery  
  197  13:39  Marauder  
  200  13:42  Command Center  
  200  13:43  Command Center  
  200  13:45  Marine x3  
  200  13:51  SCV x2  
  200  13:53  Missile Turret x3  
  200  14:00  Missile Turret x2  
  200  14:05  Planetary Fortress  
  200  14:14  Refinery  
  199  14:17  Refinery  
  199  14:18  Marine x2  
  199  14:20  Marine  
  200  14:25  Marauder  
  200  14:28  Marine  
  200  14:29  Marauder, Marine  
  200  14:34  Personal Cloaking  
  200  14:48  Refinery  
  200  14:51  Command Center  
  200  14:52  Terran Vehicle Weapons Level 2  
  199  15:01  Fusion Core  
  199  15:02  Hi-Sec Auto Tracking  
  199  15:07  Missile Turret x2  
  199  15:08  Missile Turret  
  199  15:11  Marauder  
  199  15:13  Marauder  
  196  15:16  Widow Mine  
  196  15:17  Marauder, Marine  
  196  15:18  Marauder, Marine x2  
  196  15:20  Widow Mine, Marine  
  198  15:26  Marine x4  
  198  15:27  Widow Mine  
  180  15:32  Marauder  
  180  15:34  Marauder  
  180  15:35  Marine x2  
  185  15:36  Starport  
  185  15:37  SCV, Widow Mine, Fusion Core  
  185  15:39  Marauder  
  185  15:40  Marauder  
  185  15:41  Widow Mine  
  181  15:48  Widow Mine  
  162  15:51  Marine  
  162  15:53  Marine  
  162  15:55  Marine x2  
  158  15:58  Widow Mine  
  158  16:02  Widow Mine  
  158  16:03  Marine  
  166  16:06  Liberator x2  
  166  16:09  Orbital Command  
  166  16:10  Widow Mine  
  169  16:11  SCV  
  169  16:14  Advanced Ballistics  
  171  16:20  SCV, Widow Mine  
  171  16:22  Marauder  
  171  16:24  Widow Mine  
  171  16:25  SCV, Marine x2  
  179  16:30  Liberator  
  179  16:31  Widow Mine  
  181  16:36  Orbital Command  
  181  16:38  Marine x2  
  183  16:41  Widow Mine  
  183  16:42  Marauder  
  183  16:44  Marauder  
  183  16:45  Widow Mine  
  188  16:49  Liberator, Marine  
  188  16:52  Widow Mine  
  141  16:54  Ghost  
  141  16:57  Liberator  
  144  17:05  SCV x3  
  144  17:06  SCV x2  
  144  17:07  SCV  
  150  17:12  Ghost  
  152  17:17  SCV x2  
  152  17:18  Liberator  
  155  17:24  Widow Mine  
  155  17:26  SCV x2  
  155  17:27  SCV x2  
  155  17:29  SCV  
  157  17:30  SCV  
  157  17:33  Marauder  
  162  17:45  Marauder  
  162  17:48  Liberator  
  162  17:49  Liberator  
  168  17:58  Bunker x2  
  162  18:01  Liberator  
  162  18:02  Orbital Command  
  158  18:11  Widow Mine  
  160  18:24  Ghost  
  162  18:28  Ghost  
  162  18:32  Ghost  
  171  18:41  Marine  
  171  18:42  Widow Mine  
  171  18:44  Marine  
  171  18:45  Marauder, Marine  
Tags
 
Add a new tag
Caveats
  • Supply blocks, unpowered buildings, or Contaminate may cause inaccurate times.
  • Supply counts are checked every 10 seconds.